 Dungeon Crawl Stone Soup version 0.17-a0-18-gc25b939 (webtiles) character file.

276982 JacquesDerrida the Impaler (level 20, -10/154 (159) HPs)
             Began as a Merfolk Summoner on Mar 7, 2015.
             Was the Champion of Ashenzari.
             Hit by a large rock thrown by a cyclops (16 damage)
             ... on level 2 of the Vaults on Mar 8, 2015.
             The game lasted 04:29:33 (28538 turns).

JacquesDerrida the Impaler (Merfolk Summoner)      Turns: 28538, Time: 04:29:33

HP:   -10/154 (159) AC: 26    Str:  5 (8)  XL:     20   Next: 38%
MP:   36/36         EV: 18    Int: 20 (22) God:    Ashenzari [******]
Gold: 2398          SH:  0    Dex: 19      Spells: 8 memorised, 3 levels left

rFire  + . .     SeeInvis +     O - +3 bardiche (drain) (curse)
rCold  . . .     Clarity  +     t - +1 swamp dragon armour (curse)
rNeg   . . .     SustAb   .     (no shield)
rPois  +         Gourm    .     y - +2 helmet (curse)
rElec  .         Spirit   .     X - +0 cloak {+Inv}
rCorr  .         Warding  .     R - +2 pair of gloves {rF+} (curse)
rMut   .         Stasis   .     (no boots)
MR     +++..                    u - amulet of regeneration (curse)
Stlth  ++........               m - ring of the Mage {Wiz MR++ Int+3} (curse)
                                Y - +6 ring of protection

@: lethally poisoned (-10 -> -11), deflect missiles, drained, extremely
resistant to hostile enchantments, unstealthy
A: change form in water, swift swim, forlorn
a: Scrying, Transfer Knowledge, Renounce Religion, Evoke Invisibility
}: 2/15 runes: decaying, gossamer


You were on level 2 of the Vaults.
You worshipped Ashenzari.
Ashenzari was exalted by your worship.
You were hungry.

You visited 9 branches of the dungeon, and saw 46 of its levels.
You also visited: Labyrinth, Ice Cave and Volcano.

You collected 5225 gold pieces.
You spent 2827 gold pieces at shops.

Inventory:

Hand weapons
 I - the +0 Sword of Power
   (You found it on level 3 of the Elven Halls)
 O - a cursed +3 bardiche of draining (weapon)
Missiles
 x - 2 throwing nets (quivered)
Armour
 t - a cursed +1 swamp dragon armour (worn)
 y - a cursed +2 helmet (worn)
 R - a cursed +2 pair of gloves of fire resistance (worn)
 X - a +0 cloak of invisibility (worn)
Jewellery
 j - an uncursed ring of protection from magic
 l - an uncursed amulet of resist mutation
 m - the cursed ring of the Mage (right hand) {Wiz MR++ Int+3}
   (You bought it in a shop on level 8 of the Dungeon)

   [ring of wizardry]

   It improves your spell success rate.
   It affects your intelligence (+3).
   It affects your resistance to hostile enchantments.
   It has a curse placed upon it.
 u - a cursed amulet of regeneration (around neck)
 E - a +6 ring of intelligence
 N - an uncursed ring of sustain abilities
 Y - a +6 ring of protection (left hand)
Magical devices
 P - a wand of draining (4)
 Q - a wand of teleportation (0)
 U - a wand of disintegration (7)
 V - a wand of fire (0)
 Z - a wand of teleportation (3)
Scrolls
 f - 3 scrolls of remove curse
 g - a scroll of curse armour
 p - a scroll of recharging
 q - a scroll of magic mapping
 s - a scroll of curse weapon
 v - a scroll of amnesia
 C - 18 scrolls of identify
 D - 3 scrolls of fear
 G - a scroll of holy word
 J - a scroll of silence
 K - 7 scrolls of immolation
 T - 4 scrolls of fog
Potions
 a - 3 potions of invisibility
 d - 3 potions of berserk rage
 h - 2 potions of curing
 i - 5 potions of restore abilities
 k - a potion of might
 r - 3 potions of brilliance
 z - 2 potions of magic
 A - 2 potions of resistance
 F - 2 potions of haste
 L - 2 potions of cure mutation
 M - 2 potions of heal wounds
Books
 b - a book of Enchantments

   Spells                             Type                      Level
   a - Tukima's Dance                 Hexes                        3
   b - Cause Fear                     Hexes                        4
   c - Silence                        Hexes/Air                    5
   d - Deflect Missiles               Charms/Air                   6
   e - Haste                          Charms                       6
   f - Discord                        Hexes                        8
 n - a book of Death

   Spells                             Type                      Level
   a - Corpse Rot                     Necromancy                   2
   b - Sublimation of Blood           Necromancy                   2
   c - Agony                          Necromancy                   5
   d - Dispel Undead                  Necromancy                   5
   e - Excruciating Wounds            Charms/Necromancy            5
   f - Bolt of Draining               Conjuration/Necromancy       5
 B - Giruly's Disquisition on Cloudy Fire
   (You found it on level 3 of the Elven Halls)

   Spells                             Type                      Level
   a - Shock                          Conjuration/Air              1
   b - Inner Flame                    Hexes/Fire                   3
   c - Ring of Flames                 Charms/Fire                  7
   d - Tornado                        Air                          9
 S - a Necronomicon {highlevel, unknown}

   This book is beyond your current level of understanding.

   Spells                             Type                      Level
   a - Haunt                          Necromancy/Summoning         7
   b - Borgnjor's Revivification      Necromancy                   8
   c - Death's Door                   Charms/Necromancy            8
   d - Necromutation                  Transmutation/Necromancy     8
Miscellaneous
 e - a lamp of fire
 w - 3 phantom mirrors
 H - a sack of spiders {used: 10}
Comestibles
 c - 3 bread rations
 o - 22 meat rations


   Skills:
 - Level 14.1(12.7) Fighting
 - Level 19.2(22.2) Polearms
 - Level 10.3(11.7) Armour
 - Level 15.4(16.4) Dodging
 - Level 6.0(4.9) Stealth
 - Level 10.7(9.4) Spellcasting
 + Level 9.3(10.8) Hexes
 - Level 12.5(13.7) Charms
 - Level 14.6(15.6) Summonings
 - Level 3.0(4.4) Necromancy
 - Level 5.3(7.1) Ice Magic
 + Level 6.4(8.2) Air Magic


You had 3 spell levels left.
You knew the following spells:

 Your Spells              Type           Power        Failure   Level  Hunger
a - Summon Ice Beast      Ice/Summ       ######..     1%          4    ###....
b - Spectral Weapon       Hex/Chrm       ######..     1%          3    None
c - Call Canine Familiar  Summ           ######..     1%          3    None
d - Summon Hydra          Summ           ######....   14%         7    #######
e - Haste                 Chrm           ######..     6%          6    ######.
f - Silence               Hex/Air        #####.....   7%          5    #####..
m - Deflect Missiles      Chrm/Air       ######....   21%         6    ######.
r - Regeneration          Chrm/Necr      #####.....   1%          3    None


Dungeon Overview and Level Annotations

Branches:
Dungeon (15/15)            Temple (1/1) D:4            Lair (8/8) D:8
  Swamp (5/5) Lair:4       Spider (5/5) Lair:6        Slime (0/6) Lair:7
    Orc (4/4) D:11            Elf (3/3) Orc:3        Vaults (2/5) D:13
  Crypt (3/3) Vaults:2       Tomb (0/3) Crypt:3
 Depths: D:15

Altars:
Ashenzari
Cheibriados
Fedhas
Gozag
Kikubaaqudgha
Makhleb
Nemelex Xobeh
Okawaru
Qazlal
Sif Muna
Trog
Yredelemnul
Zin
The Shining One
Beogh
Jiyva

Shops:
D:8 !=%?   D:11 [   Orc:2 }   Orc:4 (:*(   Vaults:1 [   Vaults:2 *

Annotations:
D:8 exclusion: orange crystal statue
D:9 Psyche
D:15 Rupert
Lair:5 Kaesh's ghost, powerful MiFi; Nergalle
Swamp:2 Donald
Swamp:5 Saint Roka
Elf:1 Maud
Elf:2 3 runed doors
Crypt:2 Wiglaf


Innate Abilities, Weirdness & Mutations

You revert to your normal form in water.
You are very nimble and swift while swimming.
You have difficulty communicating with the divine.


Message History

Your spectral weapon hits the stone giant but does no damage.
The stone giant throws a large rock.
The large rock hits your spectral weapon!!
Your spectral weapon shares its damage with you!
Your spectral weapon fades away.
The large rock shimmers and vanishes!
The rakshasa gestures.
The rakshasa blinks!
The stone giant throws a large rock.
The large rock hits you!!
* * * LOW HITPOINT WARNING * * *
The large rock shimmers and vanishes!
The stone giant barely misses you.
Read which item? (? for menu, Esc to quit)
As you read the scroll of fear, it crumbles to dust.
You assume a fearsome visage.
The stone giant looks frightened!
The stone giant resists with almost no effort.
The stone giant hits you!!
* * * LOW HITPOINT WARNING * * *
The stone giant throws a large rock.
You deflect the large rock!
The cyclops throws a large rock.
The large rock hits you!
You die...

** ** ,***#........# *
, , #..(.....#
######+#######(###....#
#............#........#
#...C....(...'........#
#............#....#.#.#
#........))..#........#
#...C....)...#........#
#...).@......####'#####
###C########## #......
#{* #...... *.. #......
*O.., * #...... .... **
*** *#...... #...C{
,*,, ,, ,*#.....#
....,,, ,, #...>.' *,
,., ,*, , ,, *#.....#


You could see 2 stone giants and a cyclops.

Vanquished Creatures
  A greater mummy (Crypt:3)
  Xtahua (Crypt:2)
  Arachne (Spider:5)
  Nikola (Swamp:5)
  An Ice Fiend (IceCv)
  2 liches
  2 deep elf blademasters (Elf:3)
  Asterion (Elf:1)
  2 deep elf master archers (Elf:3)
  A sphinx (Crypt:3)
  2 thorn hunters (Swamp:4)
  An ancient champion (Crypt:2)
  3 revenants
  Roxanne (Swamp:1)
  5 deep elf sorcerers (Elf:3)
  3 ghost moths (Spider:5)
  3 emperor scorpions (Spider:5)
  A curse skull (Crypt:3)
  An orc warlord (Orc:4)
  3 ironheart preservers
  A reaper (Crypt:3)
  The ghost of WhatIsLove the Tortoise, a powerful GrFi of Okawaru (Spider:3)
  7 deep elf demonologists (Elf:3)
  4 deep elf annihilators (Elf:3)
  2 eidola (Crypt:3)
  A vampire knight (Crypt:2)
  2 unborn (Crypt:2)
  A yaktaur captain (Vaults:1)
  6 deep elf death magi (Elf:3)
  A quicksilver dragon zombie (Crypt:2)
  A minotaur (Lab)
  7 jiangshi
  3 mummy priests (Crypt:3)
  A rakshasa (Vaults:1)
  2 vault guards (D:13)
  2 deep elf high priests (Elf:3)
  Fannar (D:13)
  3 hydras
  3 centaur warriors
  7 ogre magi
  6 dancing weapons
  A catoblepas (Lair:8)
  5 alligators
  3 tengu warriors
  4 death yaks (Lair:8)
  A death knight (Crypt:3)
  3 orc high priests (Orc:4)
  3 vampire magi
  A titan skeleton (Crypt:1)
  5 spriggans
  2 shadow wraiths (Crypt:3)
  24 skeletal warriors
  A soul eater (Crypt:3)
  4 ice devils
  16 deep elf knights
  3 unseen horrors
  Erolcha (D:11)
  2 shambling mangroves (Swamp:5)
  2 giant orange brains
  A spriggan druid (Swamp:3)
  An anaconda zombie (Crypt:3)
  3 orc knights
  3 hill giants
  5 flayed ghosts
  3 ice statues (IceCv)
  12 deep elf summoners
  4 ironbrand convokers
  2 necromancers
  10 swamp dragons
  6 hornets
  A statue (Volcano)
  11 orb spiders
  16 deep elf conjurers
  5 ugly things (D:15)
  A griffon (D:12)
  A shadow dragon skeleton (Crypt:2)
  17 wolf spiders
  2 human zombies (Vaults:1)
  5 orc sorcerers
  A cyclops (Vaults:1)
  8 phantasmal warriors
  2 black mambas
  A moth of wrath (Spider:2)
  A torpor snail (Spider:3)
  Maurice (D:11)
  5 vault sentinels (Vaults:1)
  A stone giant skeleton (Crypt:3)
  A small abomination (Elf:1)
  A guardian serpent (shapeshifter) (Elf:3)
  A gargoyle (Volcano)
  A kobold demonologist (Orc:3)
  5 komodo dragons
  A titan simulacrum (Crypt:2)
  6 spiny frogs
  5 yaktaurs
  A fire drake (Lair:6)
  An anaconda simulacrum (IceCv)
  19 demonic crawlers
  4 tengu conjurers
  6 two-headed ogres
  2 efreet
  A hellwing (Elf:3)
  A redback zombie (Crypt:3)
  4 deep elf priests
  4 freezing wraiths
  20 guardian mummies (Crypt:3)
  A red devil (Elf:3)
  A two-headed ogre (shapeshifter) (D:15)
  7 blue devils
  A death drake zombie (Crypt:2)
  6 trolls
  15 jumping spiders
  A shadow dragon simulacrum (Crypt:2)
  7 baby alligators
  15 slime creatures
  9 polar bears
  6 blink frogs
  The ghost of JacquesDerrida the Caller, an average MfSu of Ashenzari (D:4)
  17 bog bodies
  14 ravens
  12 ushabtiu (Crypt:3)
  3 boulder beetles
  2 raiju (Lair:8)
  The ghost of anything the Cutter, an average OpAs (D:3)
  9 flying skulls
  15 trapdoor spiders
  2 basilisks
  5 giant leeches
  5 fire elementals
  9 wraiths
  47 redbacks
  A trapdoor spider (shapeshifter) (Vaults:2)
  A fire bat (Volcano)
  27 tarantellas
  A wyvern (Lair:7)
  A ynoxinul (Elf:3)
  3 shadows
  A vampire (Crypt:3)
  13 deep elf magi
  17 yaks
  2 hungry ghosts
  A harpy simulacrum (IceCv)
  A steam dragon (D:14)
  8 hippogriffs
  11 vampire mosquitoes
  A redback simulacrum (Vaults:1)
  8 wargs
  2 soldier ants
  16 deep elf fighters
  A mottled dragon (shapeshifter) (Elf:2)
  21 swamp worms
  20 wolves
  2 insubstantial wisps
  A mottled dragon (Vaults:1)
  26 spiders
  3 porcupines
  12 water moccasins
  5 ice beasts
  14 ogres
  29 orc warriors
  A swamp drake (shapeshifter) (Vaults:1)
  A monstrous demonspawn skeleton (Crypt:2)
  9 swamp drakes
  10 wasps
  2 eyes of draining
  2 sky beasts
  3 hell hounds
  14 black bears
  5 centaurs
  4 phantoms
  A boring beetle (shapeshifter) (Vaults:1)
  A boring beetle (Lair:3)
  2 fire drake zombies
  11 big kobolds
  2 elf zombies
  10 crocodiles
  2 human skeletons (Vaults:1)
  12 giant frogs
  A draconian skeleton (Crypt:3)
  8 scorpions
  4 wights (Crypt:2)
  4 electric eels
  2 giant frog zombies
  16 hounds
  4 crimson imps
  4 lava snakes (Volcano)
  3 quasits
  A gnoll shaman (D:6)
  3 goliath beetles
  2 centaur skeletons
  2 jellies
  21 orc priests
  A demonspawn skeleton (Crypt:3)
  A giant frog skeleton (D:8)
  26 orc wizards
  2 iguanas
  6 worker ants
  5 hell rats
  4 sheep
  5 mummies
  A hound zombie (Crypt:3)
  15 adders
  3 gnolls (D:6)
  13 river rats
  A swamp drake skeleton (Crypt:2)
  4 worms
  An ufetubus (Orc:3)
  2 giant geckos (D:4)
  128 orcs
  A bat zombie (D:7)
  12 goblins
  13 hobgoblins
  7 jackals
  5 quokkas
  9 bats
  4 giant newts
  A goblin skeleton (Crypt:1)
  A goblin zombie (Crypt:2)
  24 kobolds
  An orc skeleton (Crypt:3)
  3 orc zombies (Orc:4)
  A quokka skeleton (Crypt:2)
  11 rats
  6 plants
1336 creatures vanquished.

Vanquished Creatures (collateral kills)
  Azrael (Elf:1)
  Snorg (Swamp:5)
  10 hydras
  The ghost of hornqvist the Covert, a powerful VSAs of Ashenzari (D:11)
  A spriggan druid (Swamp:5)
  2 orc knights
  A hornet (Swamp:1)
  A cyclops (D:12)
  An ugly thing (D:12)
  3 spiny frogs
  2 komodo dragons (Lair:3)
  A minotaur zombie (Lab)
  2 fire drakes (Lair:6)
  A troll (D:11)
  A tengu conjurer (D:12)
  A boulder beetle (Lair:8)
  4 ravens
  10 blink frogs
  A bog body (Swamp:4)
  2 redbacks
  A trapdoor spider zombie (D:10)
  14 yaks
  4 deep elf magi
  A tarantella (Spider:5)
  6 spriggans
  2 deep elf fighters
  A hungry ghost (D:9)
  3 hippogriffs
  An insubstantial wisp (Swamp:1)
  4 porcupines
  4 vampire mosquitoes
  3 swamp drakes
  A warg (Lair:8)
  8 wolves
  9 water moccasins
  2 hell hounds (Lair:8)
  4 orc warriors
  4 sky beasts
  An ice beast (D:6)
  2 black bears
  An eye of draining (D:11)
  A centaur (D:7)
  2 ogres
  4 crocodiles
  A phantom (D:9)
  7 giant frogs
  A water moccasin skeleton (D:10)
  2 scorpions
  An electric eel (Lair:2)
  6 killer bees (D:9)
  3 crimson imps
  2 quasits
  A goliath beetle (D:7)
  3 centaur skeletons
  A jelly (D:10)
  5 hounds
  2 giant frog skeletons
  8 orc wizards
  2 iguanas
  5 worker ants
  3 sheep (Lair:4)
  A worker ant zombie (D:9)
  10 adders
  10 gnolls
  5 river rats
  A giant mite (D:5)
  A worm (D:2)
  An ooze (D:1)
  19 orcs
  10 bats
  8 hobgoblins
  8 kobolds
  7 quokkas
  2 giant cockroaches
  2 giant newts
  9 goblins
  An orc zombie (Orc:4)
  7 rats
285 creatures vanquished.

Vanquished Creatures (others)
  70 spectral weapons
  A fire drake (Lair:6)
  2 jumping spiders
  A vampire (Crypt:1)
  2 fire elementals
  7 wolves
  2 wargs
  12 spiders
  A swamp drake (Swamp:5)
  87 ice beasts
  8 lost souls
  A crimson imp (D:2)
  38 hounds
  2 white imps (D:4)
  A shadow imp (D:4)
  6 giant mites
  3 bats (D:1)
  A kobold (D:7)
  A quokka (D:1)
  5 rats (D:1)
  3 fungi
  5 plants (Lair:8)
259 creatures vanquished.

Grand Total: 1880 creatures vanquished

Notes
Turn   | Place    | Note
--------------------------------------------------------------
     0 | D:1      | JacquesDerrida, the Merfolk Summoner, began the quest for the Orb.
     0 | D:1      | Reached XP level 1. HP: 13/13 MP: 3/3
   385 | D:1      | Reached XP level 2. HP: 13/19 MP: 0/4
   389 | D:1      | Learned a level 2 spell: Call Imp
   651 | D:2      | Found a sparkling altar of Nemelex Xobeh.
   709 | D:2      | Found a deep blue altar of Sif Muna.
   720 | D:2      | Reached XP level 3. HP: 17/24 MP: 1/6
   725 | D:2      | Learned a level 3 spell: Call Canine Familiar
   762 | D:2      | Reached skill level 5 in Summonings
  1098 | D:2      | Reached skill level 1 in Polearms
  1098 | D:2      | Reached XP level 4. HP: 28/30 MP: 2/7
  1117 | D:2      | Found an opulent altar of Gozag.
  1516 | D:3      | Noticed anything's ghost (average OpAs)
  1807 | D:4      | Reached XP level 5. HP: 8/35 MP: 3/9
  1917 | D:4      | Reached skill level 6 in Summonings
  1959 | D:4      | Found a glowing silver altar of Zin.
  1975 | D:4      | Found a staircase to the Ecumenical Temple.
  1985 | Temple   | Entered the Ecumenical Temple
  2022 | Temple   | Became a worshipper of Ashenzari the Shackled
  2069 | D:4      | Noticed JacquesDerrida's ghost (average MfSu)
  2108 | D:4      | Killed JacquesDerrida's ghost
  2108 | D:4      | Reached XP level 6. HP: 41/41 MP: 0/10
  2127 | D:4      | Identified the ring of Lymn {Str+4 Int-3 Dex+3 SInv}
  2139 | D:4      | Found a sparkling altar of Nemelex Xobeh.
  2144 | D:4      | Reached skill level 5 in Polearms
  2181 | D:4      | Learned a level 4 spell: Summon Ice Beast
  2288 | D:4      | Reached skill level 1 in Ice Magic
  2337 | D:5      | Entered Level 5 of the Dungeon
  2374 | D:5      | Found an iron altar of Okawaru.
  2493 | D:5      | Reached XP level 7. HP: 37/46 MP: 9/12
  2566 | D:5      | Reached skill level 7 in Summonings
  3247 | D:7      | Found a bloodstained altar of Trog.
  3296 | D:7      | Reached XP level 8. HP: 38/52 MP: 10/13
  3742 | D:7      | Reached skill level 8 in Summonings
  3901 | D:8      | Found Klixzece's Magic Scroll Shop.
  3909 | D:8      | Bought a scroll of identify for 26 gold pieces
  3909 | D:8      | Bought a scroll of identify for 26 gold pieces
  3909 | D:8      | Bought a scroll of identify for 26 gold pieces
  3909 | D:8      | Bought 3 scrolls of identify for 78 gold pieces
  3909 | D:8      | Bought a scroll of identify for 26 gold pieces
  3909 | D:8      | Bought a scroll of identify for 26 gold pieces
  3984 | D:8      | Found Shriopoass' Food Shoppe.
  4094 | D:8      | Reached skill level 5 in Ice Magic
  4106 | D:8      | Found Scharoudy's Jewellery Shoppe.
  4229 | D:8      | Noticed an orange crystal statue
  4309 | D:8      | Reached XP level 9. HP: 57/57 MP: 7/17
  4333 | D:8      | Found Miakex's Distillery.
  4338 | D:8      | Bought a potion of mutation for 30 gold pieces
  4456 | D:8      | Learned a level 3 spell: Regeneration
  4460 | D:8      | Learned a level 3 spell: Spectral Weapon
  4503 | D:8      | Reached skill level 1 in Charms
  4549 | D:9      | Reached skill level 1 in Necromancy
  4726 | D:9      | Noticed Psyche
  5132 | D:9      | Reached skill level 1 in Fighting
  5400 | D:10     | Entered Level 10 of the Dungeon
  5443 | D:10     | Acquired Ashenzari's first power
  5684 | D:10     | Reached skill level 5 in Dodging
  5794 | D:10     | Reached XP level 10. HP: 25/71 MP: 11/19
  5880 | D:11     | Found Ydaebb's Antique Armour Emporium.
  6041 | D:11     | Bought a faintly humming ring mail for 261 gold pieces
  6051 | D:11     | Identified the +5 ring mail "Strik" {rElec Str+4 Int-3} (You bought it in a shop on level 11 of the Dungeon)
  6237 | D:11     | Reached skill level 5 in Fighting
  6270 | D:11     | Noticed Erolcha
  6343 | D:8      | Found a staircase to the Lair.
  6357 | Lair:1   | Entered Level 1 of the Lair of Beasts
  6549 | Lair:1   | Got the uncursed robe of the Fisher {rF++ Str+4 Int-3}
  6561 | Lair:1   | Identified the +0 robe of the Fisher {rF++ Str+4 Int-3} (You found it on level 1 of the Lair of Beasts)
  6641 | Lair:1   | Reached skill level 9 in Polearms
  7025 | Lair:1   | Reached skill level 10 in Polearms
  7146 | Lair:2   | Acquired Ashenzari's second power
  7270 | Lair:3   | Reached XP level 11. HP: 80/80 MP: 16/20
  7646 | Lair:3   | Reached skill level 11 in Polearms
  7814 | Lair:3   | Reached skill level 10 in Summonings
  7917 | Lair:4   | Reached skill level 10 in Dodging
  8245 | Lair:4   | Noticed a black mamba
  8369 | Lair:5   | Noticed a five-headed hydra
  8379 | Lair:5   | Killed a five-headed hydra
  8436 | Lair:5   | Noticed Nergalle
  8437 | Lair:5   | Noticed a six-headed hydra
  8489 | Lair:5   | Noticed a five-headed hydra
  8492 | Lair:5   | Noticed Kaesh's ghost (powerful MiFi)
  8496 | Lair:5   | Killed a five-headed hydra
  8552 | Lair:5   | Identified the Reference Book on the Snowflakes and Changing (You found it on level 5 of the Lair of Beasts)
  8564 | Lair:4   | Reached skill level 12 in Polearms
  8604 | Lair:4   | Found a staircase to the Swamp.
  8667 | Lair:4   | Acquired Ashenzari's third power
  8734 | Lair:4   | Killed a black mamba
  8859 | Lair:6   | Noticed a five-headed hydra
  8884 | Lair:6   | Killed a five-headed hydra
  9198 | Lair:6   | Reached XP level 12. HP: 86/86 MP: 10/21
  9285 | Lair:7   | Found a viscous altar of Jiyva.
  9285 | Lair:7   | Found a staircase to the Slime Pits.
  9397 | Lair:7   | Reached skill level 13 in Polearms
  9731 | Lair:8   | Entered Level 8 of the Lair of Beasts
 10130 | Lair:8   | Noticed a catoblepas
 10161 | Lair:8   | Killed a catoblepas
 10199 | Lair:8   | Reached skill level 14 in Polearms
 10489 | Lair:8   | Noticed a death yak
 10492 | Lair:8   | Noticed a death yak
 10505 | Lair:8   | Noticed a death yak
 10506 | Lair:8   | Killed a death yak
 10514 | Lair:8   | Noticed a death yak
 10647 | Lair:8   | Killed a death yak
 10647 | Lair:8   | Reached XP level 13. HP: 83/99 MP: 4/22
 10652 | Lair:8   | Killed a death yak
 10663 | Lair:8   | Killed a death yak
 10663 | Lair:8   | Reached skill level 15 in Polearms
 10924 | Lair:8   | Noticed an eight-headed hydra
 10939 | Lair:8   | Killed an eight-headed hydra
 11175 | Lair:6   | Found a hole to the Spider Nest.
 11529 | Lair:2   | Noticed a black mamba
 11537 | Lair:2   | Killed a black mamba
 11538 | Lair:2   | Reached skill level 10 in Fighting
 11848 | D:11     | Noticed Maurice
 11863 | D:11     | Killed Maurice
 11882 | D:11     | Found a staircase to the Orcish Mines.
 11901 | D:11     | Killed Erolcha
 11933 | D:11     | Noticed hornqvist's ghost (powerful VSAs)
 11963 | D:11     | Killed hornqvist's ghost
 12129 | D:12     | Reached skill level 15 in Dodging
 12165 | D:12     | Identified the ring of Smaig {Contam +Fly rN+ MP+9}
 12576 | D:13     | Found a labyrinth entrance.
 12586 | Lab      | Entered a labyrinth
 12734 | Lab      | Noticed a minotaur
 12745 | Lab      | Killed a minotaur
 12751 | Lab      | Identified the +1 scale mail "Schoxt" {rPois Regen+ Int-3 Dex+2} (You found it in a labyrinth)
 12753 | Lab      | Identified a +3 rod of destruction (12/12) (You found it in a labyrinth)
 12902 | D:13     | Reached skill level 16 in Polearms
 12917 | D:13     | Acquired Ashenzari's fourth power
 12946 | D:13     | Reached XP level 14. HP: 89/113 MP: 11/23
 12953 | D:13     | Found a gate to the Vaults.
 12953 | D:13     | Noticed a vault guard
 12953 | D:13     | Noticed a vault guard
 12953 | D:13     | Noticed a vault guard
 12953 | D:13     | Noticed a vault guard
 13043 | D:13     | Found a stormy altar of Qazlal.
 13361 | D:13     | Noticed Fannar
 13375 | D:13     | Killed Fannar
 13429 | D:13     | Killed a vault guard
 13563 | D:14     | Reached skill level 17 in Polearms
 13749 | D:15     | Entered Level 15 of the Dungeon
 13785 | D:15     | Noticed Rupert
 14208 | D:15     | Noticed an emperor scorpion
 14208 | D:15     | an ettin changed into an emperor scorpion
 14257 | D:14     | Found a deep blue altar of Sif Muna.
 14313 | D:15     | Paralysed by an ogre mage for 7 turns
 14534 | D:8      | Bought the ring of the Mage {Wiz MR++ Int+3} for 827 gold pieces
 14696 | Orc:1    | Entered Level 1 of the Orcish Mines
 14775 | Orc:1    | Found a roughly hewn altar of Beogh.
 14848 | Orc:2    | Found Qetaaza's Gadget Shop.
 15621 | Orc:3    | Found a staircase to the Elven Halls.
 15624 | Orc:3    | Reached skill level 18 in Polearms
 15703 | Elf:1    | Entered Level 1 of the Elven Halls
 15727 | Orc:4    | Entered Level 4 of the Orcish Mines
 15740 | Orc:4    | Identified the cursed -2 whip of Experimentation {flame, +Fly Str-5 Int+4} (You found it on level 7 of the Lair of Beasts)
 15758 | Orc:4    | Found Qaugeubo's Antique Weapon Emporium.
 15803 | Orc:4    | Found a dark tunnel.
 15813 | Volcano  | Entered a volcano
 15910 | Volcano  | Found a radiant altar of Vehumet.
 15930 | Volcano  | Identified the +8 chain mail "Sitonerr" {rCorr MP+9 Str-5 Int+2}
 16125 | Orc:4    | Gained mutation: You have difficulty communicating with the divine. [a neqoxec]
 16279 | Orc:4    | Noticed an orc warlord
 16326 | Orc:4    | Killed an orc warlord
 16326 | Orc:4    | Reached skill level 5 in Charms
 16411 | Orc:4    | Reached XP level 15. HP: 84/124 MP: 3/25
 16644 | Orc:4    | Found Oneustorr's Antique Armour Shoppe.
 16645 | Orc:4    | Found Ogesch's Antique Weapon Emporium.
 16647 | Orc:4    | Found Xihoer's General Store.
 16647 | Orc:4    | Found Schamm's Book Shoppe.
 16663 | Orc:4    | Bought a scroll of blinking for 127 gold pieces
 16663 | Orc:4    | Bought a scroll of fear for 59 gold pieces
 17047 | D:5      | Identified a scroll of acquirement
 17210 | D:3      | Killed anything's ghost
 17245 | D:5      | Reached skill level 1 in Armour
 17370 | Lair:1   | Learned a level 7 spell: Summon Hydra
 17530 | Lair:4   | Killed a six-headed hydra
 17599 | Swamp:1  | Entered Level 1 of the Swamp
 17599 | Swamp:1  | Noticed Roxanne
 17754 | Swamp:1  | Found a frozen archway.
 17758 | IceCv    | Entered an ice cave
 17857 | IceCv    | Noticed an Ice Fiend
 18075 | IceCv    | Killed an Ice Fiend
 18414 | Swamp:2  | Noticed Donald
 18988 | Swamp:4  | Reached skill level 5 in Armour
 19098 | Swamp:4  | Noticed a thorn hunter
 19113 | Swamp:4  | Killed a thorn hunter
 19140 | Swamp:4  | Noticed a thorn hunter
 19149 | Swamp:4  | Killed a thorn hunter
 19213 | Swamp:4  | Reached XP level 16. HP: 100/131 MP: 2/26
 19302 | Swamp:5  | Entered Level 5 of the Swamp
 19302 | Swamp:5  | Noticed Snorg
 19308 | Swamp:5  | Killed Snorg
 19364 | Swamp:5  | Noticed Saint Roka
 19732 | Swamp:5  | Noticed Nikola
 19735 | Swamp:5  | Got a decaying rune of Zot
 19757 | Swamp:5  | Killed Nikola
 20048 | Swamp:1  | Killed Roxanne
 20217 | Spider:1 | Entered Level 1 of the Spider Nest
 20428 | Spider:1 | Identified the +0 spear of Irrepressible Laughter {drain, rC+}
 21008 | Spider:3 | Noticed WhatIsLove's ghost (powerful GrFi)
 21032 | Spider:3 | Killed WhatIsLove's ghost
 21428 | Spider:4 | Reached XP level 17. HP: 115/137 MP: 23/27
 21734 | Spider:5 | Entered Level 5 of the Spider Nest
 21809 | Spider:5 | Noticed Arachne
 21958 | Spider:5 | Killed Arachne
 22016 | Spider:5 | Reached skill level 10 in Armour
 22132 | Spider:5 | Identified the +4 scale mail of Kaqalugg {Dex+2}
 22364 | Spider:5 | Reached skill level 19 in Polearms
 22405 | Spider:5 | Got a gossamer rune of Zot
 22985 | Orc:4    | Bought a book of Enchantments for 850 gold pieces
 23140 | Elf:1    | Noticed Asterion
 23156 | Elf:1    | Noticed a spectral weapon
 23157 | Elf:1    | Killed Asterion
 23157 | Elf:1    | Reached skill level 5 in Spellcasting
 23306 | Elf:1    | Noticed Azrael
 23326 | Elf:1    | Killed Azrael
 23425 | Elf:1    | Reached XP level 18. HP: 123/146 MP: 5/30
 23430 | Elf:1    | Noticed Maud
 23766 | Elf:2    | Identified the +0 hat of Articulation {rCorr}
 23910 | Elf:3    | Entered Level 3 of the Elven Halls
 24323 | Elf:3    | Reached skill level 10 in Charms
 24358 | Elf:3    | Learned a level 6 spell: Haste
 24461 | Elf:3    | Identified the +11 great mace "Ynuirph" {vamp, +Inv Str-4 Int+2} (You took it off a deep elf death mage on level 3 of the Elven Halls)
 24505 | Elf:3    | Identified the ring "Stoydd" {Fire Int+8 Slay-4}
 24505 | Elf:3    | Identified the cursed -1 scimitar of the Revolution {venom, rPois rF+ Str+2}
 24510 | Elf:3    | Identified the amulet of Goganig {Spirit rN+ MR- MP+9 Int-5 SInv} (You took it off a deep elf blademaster on level 3 of the Elven Halls)
 24545 | Elf:3    | Identified Giruly's Disquisition on Cloudy Fire (You found it on level 3 of the Elven Halls)
 24556 | Elf:3    | Identified Gaiwutz's Reference Book on Lucky Confrontation (You found it on level 3 of the Elven Halls)
 24598 | Elf:3    | Identified the cursed +1 hand axe of Governance {speed, rN+} (You took it off a deep elf high priest on level 3 of the Elven Halls)
 24601 | Elf:3    | Noticed an Ice Fiend
 24749 | Elf:2    | Found a runed gate.
 24749 | Elf:2    | Found a runed gate.
 24749 | Elf:2    | Found a runed gate.
 25002 | D:13     | Killed a vault guard
 25025 | Vaults:1 | Entered Level 1 of the Vaults
 25111 | Vaults:1 | Found Voppuc's Antique Armour Shop.
 25136 | Vaults:1 | Bought an ichor-stained hat for 198 gold pieces
 25136 | Vaults:1 | Identified the +2 hat of the Barber Surgeon {rC- rCorr SInv} (You bought it in a shop on level 1 of the Vaults)
 25136 | Vaults:1 | Bought a glowing helmet for 99 gold pieces
 25216 | Vaults:1 | Identified the +7 hand axe of Rinwiahe {antimagic, rN+ MP+9 Str-3}
 25230 | Vaults:1 | Reached skill level 10 in Spellcasting
 25244 | Vaults:1 | Reached XP level 19. HP: 152/152 MP: 35/35
 25317 | Vaults:1 | Identified the ring "Burch" {-Cast +Inv +Fly rPois Dex-4 SInv}
 25731 | Vaults:2 | Found a staircase to the Crypt.
 25731 | Vaults:2 | Found an ancient bone altar of Kikubaaqudgha.
 25731 | Vaults:2 | Found a basalt altar of Yredelemnul.
 25738 | Crypt:1  | Entered Level 1 of the Crypt
 25832 | Crypt:1  | Reached skill level 1 in Hexes
 25947 | Crypt:3  | Entered Level 3 of the Crypt
 25947 | Crypt:3  | Found a staircase to the Tomb.
 26107 | Crypt:2  | Reached skill level 5 in Stealth
 26272 | Crypt:2  | Learned a level 5 spell: Silence
 26279 | Crypt:2  | Learned a level 6 spell: Deflect Missiles
 26331 | Crypt:2  | Noticed Wiglaf
 26367 | Crypt:2  | Noticed Xtahua
 26373 | Crypt:2  | Reached skill level 1 in Air Magic
 26392 | Crypt:2  | Killed Xtahua
 26392 | Crypt:2  | Reached skill level 5 in Hexes
 26759 | Crypt:3  | Noticed a greater mummy
 27206 | Crypt:3  | Reached XP level 20. HP: 149/158 MP: 31/36
 27246 | Crypt:3  | Identified the Volume of Fiery Battle Magic
 27541 | Crypt:3  | Reached skill level 5 in Air Magic
 27635 | Crypt:3  | Killed a greater mummy
 27683 | Crypt:3  | Identified the ring of the Five Stars {Ice MR+ Stlth+}
 28442 | Vaults:2 | Found Crofuo's General Store.
 28445 | Vaults:2 | Bought a potion of curing for 63 gold pieces
 28445 | Vaults:2 | Bought a potion of heal wounds for 105 gold pieces
 28537 | Vaults:2 | HP: 5/154 [stone giant (35)]
 28538 | Vaults:2 | Hit by a large rock thrown by a cyclops

Action                   |  1- 3 |  4- 6 |  7- 9 | 10-12 | 13-15 | 16-18 | 19-21 || total
-------------------------+-------+-------+-------+-------+-------+-------+-------++-------
Melee: Unarmed           |    11 |       |       |       |       |       |       ||    11
       Dagger            |     6 |       |       |       |       |       |       ||     6
       Halberd           |    10 |    80 |   268 |   789 |   250 |       |       ||  1397
       Trident           |       |    14 |    40 |       |       |       |       ||    54
       Glaive            |       |       |       |       |   956 |       |       ||   956
       Bardiche          |       |       |       |       |   180 |  1095 |   777 ||  2052
 Fire: Blowgun           |       |       |       |    13 |     3 |       |       ||    16
 Cast: Summon Small Mamm |    28 |       |       |       |       |       |       ||    28
       Call Imp          |     8 |     6 |       |       |       |       |       ||    14
       Call Canine Famil |     5 |    27 |    47 |    14 |     8 |     2 |       ||   103
       Summon Ice Beast  |       |       |    31 |   125 |    65 |    25 |       ||   246
       Regeneration      |       |       |     4 |    37 |    59 |    52 |    38 ||   190
       Spectral Weapon   |       |       |       |    23 |   134 |   118 |    59 ||   334
       Summon Hydra      |       |       |       |       |       |     3 |     2 ||     5
       Haste             |       |       |       |       |       |     3 |     8 ||    11
       Silence           |       |       |       |       |       |       |     5 ||     5
       Deflect Missiles  |       |       |       |       |       |       |     1 ||     1
Invok: Scrying           |       |       |       |       |     4 |     5 |     2 ||    11
Evoke: Sack of spiders   |       |       |       |     4 |     6 |       |       ||    10
       Wand              |       |       |       |    23 |    15 |    17 |     6 ||    61
       Lamp of fire      |       |       |       |     1 |     2 |     1 |       ||     4
  Use: Scroll            |       |     8 |    15 |    14 |    37 |    15 |     4 ||    93
       Potion            |       |     3 |     5 |     3 |    14 |     4 |     9 ||    38
 Stab: Sleeping          |     3 |     4 |    10 |    12 |     8 |     3 |     3 ||    43
       Distracted        |       |       |    14 |    11 |    30 |    21 |    13 ||    89
       Paralysed         |       |       |       |     9 |       |       |       ||     9
       Fleeing           |       |       |       |     1 |       |       |       ||     1
       Confused          |       |       |       |       |     2 |       |       ||     2
       Held in net/web   |       |       |       |       |       |     3 |     1 ||     4
  Eat: Chunk             |     2 |     9 |    23 |    46 |    39 |    34 |     5 ||   158
       Royal jelly       |       |       |     1 |     1 |       |     1 |     1 ||     4
       Pizza             |       |       |       |     1 |     2 |       |       ||     3
       Bread ration      |       |       |       |       |     6 |       |     4 ||    10
       Fruit             |       |       |       |       |     2 |       |     3 ||     5
       Beef jerky        |       |       |       |       |       |     8 |       ||     8
